 Dungeon Crawl Stone Soup version 0.22-a0-265-g0d8bc90 (webtiles) character file.

138478 wvc the Martial Artist (level 17, -1/131 HPs)
             Began as a Gnoll Transmuter on Mar 7, 2018.
             Was the Champion of Cheibriados.
             Slain by Cigotuvi's Monster (19 damage)
             ... in a wizard's laboratory on Mar 8, 2018.
             The game lasted 01:38:59 (24440 turns).

wvc the Martial Artist (Gnoll Transmuter)          Turns: 24440, Time: 01:39:00

Health: -1/131     AC: 25    Str: 40    XL:     17   Next: 26%
Magic:  18/33      EV: 20    Int: 45    God:    Cheibriados [******]
Gold:   1170       SH: 19    Dex: 34    Spells: 7/40 levels left

rFire    + + +     SeeInvis .   r - +9 whip of Trog's Delight {slash, rElec rF+ Int+3}
rCold    + + +     Gourm    .   U - +2 shield of Resistance {rF+ rC+ MR+}
rNeg     + . .     Faith    .   u - +8 chain mail of Huwnecex {rC+ rCorr Str+4 Int+4}
rPois    +         Spirit   .   z - -2 hat of the Alchemist {rElec rPois rF+ rC+ rN+ MR+ rMut rCorr}
rElec    +         Reflect  .   (no cloak)
rCorr    +         Harm     .   S - +1 pair of gloves {Str+3}
rMut     +                      o - +1 pair of boots
MR       +++..                  C - amulet of regeneration
Stlth    ++++......             P - +5 ring of strength
HPRegen  1.71/turn              v - +4 ring of dexterity
MPRegen  0.23/turn

@: regenerating, constricted, very slow
A: distributed training, fangs 1, icy blue scales 1, camouflage 1, strong nose
a: Bend Time, Temporal Distortion, Slouch, Step From Time, Renounce Religion


You were in a wizard's laboratory.
You worshipped Cheibriados.
Cheibriados was exalted by your worship.
You were not hungry.

You visited 5 branches of the dungeon, and saw 27 of its levels.
You also visited: Labyrinth, Bailey and Wizlab.

You collected 2878 gold pieces.
You spent 1708 gold pieces at shops.

Inventory:

Hand Weapons
 a - the +10 spear of Loupp {elec, -Tele rF++ MP-9 Str+4}
   (You found it on level 8 of the Dungeon)

   Occasionally, upon striking a foe, it will discharge some electrical energy
   and cause terrible harm.
   It affects your strength (+4).
   It greatly protects you from fire.
   It affects your magic capacity (-9).
   It prevents most forms of teleportation.
 r - the +9 whip of Trog's Delight (weapon) {slash, rElec rF+ Int+3}
   (You found it on level 5 of the Lair of Beasts)

   It inflicts extra damage upon your enemies.
   It affects your intelligence (+3).
   It protects you from fire.
   It insulates you from electricity.
Missiles
 c - 3 javelins
 m - 2 throwing nets
 y - 915 arrows
 H - 2 javelins of penetration
 L - 4 javelins of returning (quivered)
Armour
 o - a +1 pair of boots (worn)
 u - the +8 chain mail of Huwnecex (worn) {rC+ rCorr Str+4 Int+4}
   (You found it on level 5 of the Lair of Beasts)

   It affects your strength (+4).
   It affects your intelligence (+4).
   It protects you from cold.
   It protects you from acid and corrosion.
 z - the -2 hat of the Alchemist (worn) {rElec rPois rF+ rC+ rN+ MR+ rMut rCorr}
   (You found it in a wizard's laboratory)

   It protects you from fire.
   It protects you from cold.
   It insulates you from electricity.
   It protects you from poison.
   It protects you from negative energy.
   It affects your resistance to hostile enchantments.
   It protects you from acid and corrosion.
   It protects you from mutation.
 S - a +1 pair of gloves of strength (worn)
 U - the +2 shield of Resistance (worn) {rF+ rC+ MR+}
   (You bought it in a shop on level 2 of the Orcish Mines)

   It protects you from fire.
   It protects you from cold.
   It affects your resistance to hostile enchantments.
Magical Staves
 b - an uncursed staff of energy
 B - an uncursed staff of death
 R - an uncursed staff of wizardry
Jewellery
 v - a +4 ring of dexterity (right hand)
 C - an amulet of regeneration (around neck)
 P - a +5 ring of strength (left hand)
Wands
 x - a wand of digging (13)
 F - a wand of flame (59)
 M - a wand of iceblast (24)
 N - a wand of acid (11)
 O - a wand of paralysis (61)
Scrolls
 h - 7 scrolls of teleportation
 k - a scroll of identify
 l - 9 scrolls of remove curse
 n - 4 scrolls of enchant armour
 q - 5 scrolls of summoning
 s - a scroll of vulnerability
 t - 2 scrolls of enchant weapon
 G - 2 scrolls of amnesia
 I - a scroll of silence
 J - 6 scrolls of immolation
Potions
 e - 2 potions of magic
 f - a potion of invisibility
 g - 16 potions of curing
 i - 2 potions of resistance
 j - 6 potions of flight
 p - 2 potions of heal wounds
 w - 3 potions of agility
 A - 3 potions of might
 D - 5 potions of lignification
 E - 3 potions of brilliance
 K - 2 potions of ambrosia
Comestibles
 d - 42 rations


   Skills:
 + Level 11.5 Fighting
 + Level 11.2 Short Blades
 + Level 11.2 Long Blades
 + Level 11.2 Axes
 + Level 11.2 Maces & Flails
 + Level 11.2 Polearms
 + Level 11.2 Staves
 + Level 11.2 Slings
 + Level 11.2 Bows
 + Level 11.2 Crossbows
 + Level 11.2 Throwing
 + Level 11.2 Armour
 + Level 12.0 Dodging
 + Level 11.2 Stealth
 + Level 11.2 Shields
 + Level 12.7 Unarmed Combat
 + Level 12.1 Spellcasting
 + Level 9.5 Conjurations
 + Level 9.5 Hexes
 + Level 9.5 Charms
 + Level 9.5 Summonings
 + Level 9.5 Necromancy
 + Level 9.5 Translocations
 + Level 10.3 Transmutations
 + Level 9.5 Fire Magic
 + Level 9.5 Ice Magic
 + Level 9.5 Air Magic
 + Level 9.5 Earth Magic
 + Level 9.5 Poison Magic
 + Level 12.1 Invocations
 + Level 11.2 Evocations


You had 7 spell levels left.
You knew the following spells:

 Your Spells              Type           Power        Failure   Level  Hunger
a - Yara's Violent Unrav  Hex/Tmut       #######...   1%          5    None
b - Spider Form           Tmut/Pois      #######...   1%          3    None
c - Ice Form              Ice/Tmut       #######.     1%          4    None
d - Blade Hands           Tmut           #######...   1%          5    None
e - Gell's Gravitas       Tloc           #######...   1%          3    None
f - Regeneration          Chrm/Necr      #######...   1%          3    None
g - Borgnjor's Vile Clut  Necr/Erth      #######...   2%          5    None
h - Summon Mana Viper     Hex/Summ       #######.     2%          5    None


Dungeon Overview and Level Annotations

Branches:
Dungeon (15/15)            Temple (1/1) D:5            Lair (6/6) D:9
 Shoals (0/4) Lair:2        Snake (0/4) Lair:4        Slime (0/5) Lair:6
    Orc (2/2) D:10            Elf (3/3) Orc:2        Vaults (0/5) D:13
 Depths (0/5) D:15

Altars:
Ashenzari
Cheibriados
Dithmenos
Fedhas
Gozag
Hepliaklqana
Kikubaaqudgha
Nemelex Xobeh
Okawaru
Qazlal
Ru
Sif Muna
Trog
Uskayaw
Vehumet
Xom
Yredelemnul
Zin
Beogh
Jiyva

Shops:
D:8 *!   D:10 (   Orc:2 :[[**:   Elf:2 [   Elf:3 *

Annotations:
Lair:1 exclusion: oklob plant
Lair:2 Urug
Elf:2 2 runed doors


Innate Abilities, Weirdness & Mutations

Your experience applies equally to all skills.
You have very sharp teeth.
Your uncanny sense of smell can sniff out nearby items.
You are partially covered in icy blue scales. (AC +2)
Your skin changes colour to match your surroundings (Stealth+).


Message History

Your chain mail of Huwnecex prevents you from hitting Cigotuvi's Monster.
You bite Cigotuvi's Monster.
Cigotuvi's Monster is heavily wounded.
You whack Cigotuvi's Monster!
Cigotuvi's Monster is heavily wounded.
You block Cigotuvi's Monster's attack. x2; Cigotuvi's Monster stings you.
Cigotuvi's Monster constricts you!!
You whack Cigotuvi's Monster!
You bite Cigotuvi's Monster, but do no damage.
Cigotuvi's Monster is severely wounded.
Cigotuvi's Monster hits you! Cigotuvi's Monster barely misses you.
You block Cigotuvi's Monster's attack.
* * * LOW HITPOINT WARNING * * *
Cigotuvi's Monster constricts you!!
You feel much better. Cigotuvi's Monster hits you!!
* * * LOW HITPOINT WARNING * * *
Cigotuvi's Monster tramples you!
* * * LOW HITPOINT WARNING * * *
You hold your ground!
You block Cigotuvi's Monster's attack.
You die...

### ### #### #∩# ####
###.####.::# ###'###...#
#.....#..... .#...#.....
#........... .#...#o....
#.......... .#...#eu...
#...H...... ##...######
#.uXX...... ###'####§§#
##H###..... .#...##.§.§
#.@# ∆..# .#...#u.§§§
#..# # p#...#uu§.. #..##
∆∆ o#...##u§§§ #...##∆∆∆∆
###'####..# ##...+∆∆∆∆
.#...#.#### #...#∆∆∆∆
.#...#..### ##'### ∆
.#...#e....####...####
##...#p....#.........####


You could see a white very ugly thing and Cigotuvi's Monster.

Vanquished Creatures
  An emperor scorpion (D:15)
  5 very ugly things (WizLab)
  A deep elf demonologist (Elf:1)
  A dire elephant (D:15)
  Snorg (Orc:1)
  A minotaur (Lab)
  The ghost of Karim the Protected, a journeyman DDFi of Makhleb (Lair:2)
  An ice dragon (Lair:6)
  Fannar (Lair:2)
  4 vault guards (D:13)
  Harold (D:10)
  9 hydras
  8 two-headed ogres
  9 dancing weapons
  A death knight (D:15)
  4 centaur warriors
  5 orc high priests
  10 deep elf knights
  An iron golem (WizLab)
  A fire crab (Orc:2)
  A fire crab (shapeshifter) (WizLab)
  2 unseen horrors
  2 lindwurms (Lair:6)
  9 deep elf archers
  A lindwurm (shapeshifter) (WizLab)
  5 orc knights
  3 phantasmal warriors (D:15)
  39 deep elf magi
  The ghost of Torious the Destroyer, a novice DECj of Sif Muna (D:7)
  16 ugly things
  A mana viper (shapeshifter) (WizLab)
  4 manticores
  An orb spider (shapeshifter) (WizLab)
  5 orc sorcerers
  A slime creature (D:15)
  2 large abominations (WizLab)
  3 elephants (Lair:4)
  A black mamba (Lair:4)
  Joseph (D:7)
  A salamander (shapeshifter) (WizLab)
  6 cyclopes
  2 black mambas (shapeshifter) (WizLab)
  5 torpor snails (Lair:6)
  A spiny frog (shapeshifter) (WizLab)
  11 spiny frogs
  3 rime drakes (shapeshifter) (WizLab)
  3 gargoyles
  A freezing wraith (D:14)
  7 komodo dragons
  An efreet (D:13)
  13 trolls
  A jumping spider (shapeshifter) (WizLab)
  7 hornets
  3 queen bees (shapeshifter) (WizLab)
  A wind drake (shapeshifter) (WizLab)
  A troll (shapeshifter) (WizLab)
  A meliai (shapeshifter) (WizLab)
  A raiju (shapeshifter) (WizLab)
  A hornet (shapeshifter) (WizLab)
  6 hippogriffs
  12 polar bears
  3 tyrant leeches (Lair:6)
  12 dream sheep
  2 raiju (Lair:6)
  5 blink frogs (Lair:3)
  An air elemental (Elf:2)
  A centaur simulacrum (D:12)
  2 redbacks (Lab)
  A spriggan (D:13)
  A meliai zombie (D:12)
  2 spriggans (shapeshifter)
  3 shadows
  A tarantella (shapeshifter) (WizLab)
  2 wraiths
  2 humans (shapeshifter) (WizLab)
  2 basilisks
  A vampire (D:11)
  2 water elementals (Elf:2)
  5 yaks (D:11)
  2 yaks (shapeshifter) (WizLab)
  A golden eye (shapeshifter) (WizLab)
  4 hungry ghosts
  3 fire elementals
  3 vampire mosquitoes (D:15)
  A steam dragon (D:8)
  5 wargs
  Duvessa (D:7)
  16 water moccasins
  4 floating eyes (WizLab)
  7 porcupines
  15 hell hounds (Lair:6)
  11 black bears (Lair:6)
  A black bear (shapeshifter) (WizLab)
  8 ice beasts
  A swamp drake (D:10)
  4 sky beasts
  23 orc warriors
  3 eyes of draining
  19 centaurs
  8 ogres
  2 phantoms
  24 wolves
  11 crocodiles
  A crocodile (shapeshifter) (WizLab)
  A big kobold (D:10)
  6 small abominations (WizLab)
  18 bullfrogs
  4 earth elementals
  2 scorpions
  Dowan (D:7)
  12 killer bees
  4 wights (D:14)
  4 electric eels
  9 howler monkeys
  2 bullfrog zombies
  3 centaur zombies
  10 crimson imps
  11 hounds
  3 jellies
  A bullfrog skeleton (D:12)
  15 orc priests
  10 orc wizards
  Jessica (D:2)
  6 centaur skeletons
  7 iguanas
  13 worker ants
  A bullfrog simulacrum (D:12)
  2 hound skeletons
  A worker ant zombie (D:7)
  4 gnolls
  18 adders
  9 shadow imps
  12 white imps (D:12)
  An ooze (D:3)
  4 adder skeletons
  An adder zombie (D:5)
  3 worms
  2 dart slugs
  3 leopard geckos
  80 orcs
  7 giant cockroaches
  10 goblins
  8 hobgoblins
  12 jackals
  8 quokkas
  2 ball pythons
  8 bats
  8 frilled lizards
  22 kobolds
  A leopard gecko skeleton (D:7)
  A quokka skeleton (D:10)
  6 rats
  A plant (Lair:6)
856 creatures vanquished.

Vanquished Creatures (collateral kills)
  A deep elf archer (Elf:1)
  A deep elf mage (Elf:1)
  An earth elemental (Elf:2)
  A killer bee (D:8)
4 creatures vanquished.

Vanquished Creatures (others)
  A deep elf mage (Elf:2)
  An orc wizard (Orc:2)
  An orc (D:10)
  7 fungi
  14 plants
24 creatures vanquished.

Grand Total: 884 creatures vanquished

Notes
Turn   | Place    | Note
-------+----------+-------------------------------------------
     0 | D:1      | wvc the Gnoll Transmuter began the quest for the Orb.
     0 | D:1      | Reached XP level 1. HP: 17/17 MP: 6/6
   301 | D:1      | Reached XP level 2. HP: 22/23 MP: 5/7
   862 | D:1      | Reached XP level 3. HP: 27/28 MP: 9/9
   960 | D:2      | Reached skill level 5 in Spellcasting
   967 | D:2      | Learned a level 3 spell: Spider Form
  1095 | D:2      | Noticed Jessica
  1101 | D:2      | Killed Jessica
  1101 | D:2      | Reached skill level 1 in Short Blades
  1101 | D:2      | Reached skill level 1 in Long Blades
  1101 | D:2      | Reached skill level 1 in Axes
  1101 | D:2      | Reached skill level 1 in Maces & Flails
  1101 | D:2      | Reached skill level 1 in Polearms
  1101 | D:2      | Reached skill level 1 in Staves
  1101 | D:2      | Reached skill level 1 in Slings
  1101 | D:2      | Reached skill level 1 in Bows
  1101 | D:2      | Reached skill level 1 in Crossbows
  1101 | D:2      | Reached skill level 1 in Throwing
  1101 | D:2      | Reached skill level 1 in Armour
  1101 | D:2      | Reached skill level 1 in Stealth
  1101 | D:2      | Reached skill level 1 in Shields
  1101 | D:2      | Reached skill level 1 in Invocations
  1101 | D:2      | Reached skill level 1 in Evocations
  1101 | D:2      | Reached XP level 4. HP: 30/34 MP: 8/11
  1164 | D:2      | Reached skill level 1 in Conjurations
  1164 | D:2      | Reached skill level 1 in Hexes
  1164 | D:2      | Reached skill level 1 in Charms
  1164 | D:2      | Reached skill level 1 in Summonings
  1164 | D:2      | Reached skill level 1 in Necromancy
  1164 | D:2      | Reached skill level 1 in Translocations
  1164 | D:2      | Reached skill level 1 in Fire Magic
  1164 | D:2      | Reached skill level 1 in Ice Magic
  1164 | D:2      | Reached skill level 1 in Air Magic
  1164 | D:2      | Reached skill level 1 in Earth Magic
  1164 | D:2      | Reached skill level 1 in Poison Magic
  1192 | D:2      | Reached XP level 5. HP: 40/40 MP: 12/12
  1207 | D:2      | Learned a level 4 spell: Ice Form
  2370 | D:3      | Learned a level 5 spell: Blade Hands
  2679 | D:4      | Noticed a hornet
  2685 | D:4      | Paralysed by a hornet for 1 turns
  2693 | D:4      | Killed a hornet
  2693 | D:4      | Reached skill level 5 in Dodging
  2693 | D:4      | Reached XP level 6. HP: 13/47 MP: 12/14
  2707 | D:4      | Reached XP level 7. HP: 17/52 MP: 12/15
  2985 | D:4      | Found a stormy altar of Qazlal.
  2992 | D:4      | Noticed a water elemental
  2992 | D:4      | Noticed a fire elemental
  2992 | D:4      | Noticed an air elemental
  3074 | D:4      | Found an ancient bone altar of Kikubaaqudgha.
  3665 | D:5      | Entered Level 5 of the Dungeon
  3799 | D:5      | Found a radiant altar of Vehumet.
  3813 | D:5      | Found a staircase to the Ecumenical Temple.
  3819 | D:5      | Reached XP level 8. HP: 51/60 MP: 16/16
  3831 | Temple   | Entered the Ecumenical Temple
  3855 | Temple   | Became a worshipper of Cheibriados the Contemplative
  3957 | Temple   | Gained mutation: You expend magic power (3 MP) to strengthen your wands. [potion of mutation]
  3957 | Temple   | Gained mutation: You have a somewhat thin skeletal structure. (Dex +2, Stealth) [potion of mutation]
  3957 | Temple   | Gained mutation: You are clumsy. (Dex -2) [potion of mutation]
  3957 | Temple   | Gained mutation: You have large cloven feet. [potion of mutation]
  4746 | D:6      | Found a sacrificial altar of Ru.
  5290 | D:7      | Reached * piety under Cheibriados
  5401 | D:7      | Noticed Joseph
  5423 | D:7      | Killed Joseph
  5423 | D:7      | Reached skill level 5 in Transmutations
  5423 | D:7      | Reached XP level 9. HP: 47/66 MP: 14/18
  5465 | D:7      | Found a sparkling altar of Nemelex Xobeh.
  5468 | D:7      | Found a hazy altar of Hepliaklqana.
  5471 | D:7      | Found a basalt altar of Yredelemnul.
  5626 | D:7      | Noticed Torious's ghost (novice DECj)
  5637 | D:7      | HP: 2/79 [Torious's ghost/lance of force (22)]
  5641 | D:7      | Killed Torious's ghost
  5971 | D:7      | Reached skill level 5 in Fighting
  6075 | D:7      | Noticed Dowan
  6082 | D:7      | Noticed Duvessa
  6083 | D:7      | Killed Dowan
  6091 | D:7      | Killed Duvessa
  6101 | D:7      | Reached ** piety under Cheibriados
  6434 | D:8      | Noticed a two-headed ogre
  6440 | D:8      | Killed a two-headed ogre
  6440 | D:8      | Reached skill level 5 in Invocations
  6440 | D:8      | Reached XP level 10. HP: 45/74 MP: 16/20
  6615 | D:8      | Found Akkoont's Distillery.
  6620 | D:8      | Bought a potion of heal wounds for 55 gold pieces
  6620 | D:8      | Bought a potion of curing for 33 gold pieces
  6620 | D:8      | Bought 2 potions of mutation for 176 gold pieces
  6620 | D:8      | Bought 2 potions of might for 88 gold pieces
  6620 | D:8      | Lost mutation: You expend magic power (3 MP) to strengthen your wands. [potion of mutation]
  6620 | D:8      | Lost mutation: You are clumsy. (Dex -2) [potion of mutation]
  6620 | D:8      | Lost mutation: You have large cloven feet. [potion of mutation]
  6620 | D:8      | Gained mutation: Your body sometimes deteriorates upon taking damage. [potion of mutation]
  6620 | D:8      | Gained mutation: You are occasionally teleported next to monsters. [potion of mutation]
  6620 | D:8      | Gained mutation: Your movements are slightly less encumbered by armour. (ER -2) [potion of mutation]
  6621 | D:8      | Lost mutation: Your body sometimes deteriorates upon taking damage. [potion of mutation]
  6621 | D:8      | Lost mutation: Your movements are slightly less encumbered by armour. (ER -2) [potion of mutation]
  6621 | D:8      | Lost mutation: You are occasionally teleported next to monsters. [potion of mutation]
  6621 | D:8      | Lost mutation: You have a somewhat thin skeletal structure. (Dex +2, Stealth) [potion of mutation]
  6621 | D:8      | Gained mutation: Your magical capacity is low. (-10% MP) [potion of mutation]
  6621 | D:8      | Gained mutation: Your system is resistant to poisons. (rPois) [potion of mutation]
  6621 | D:8      | Gained mutation: Your skin changes colour to match your surroundings (Stealth+). [potion of mutation]
  6632 | D:8      | Noticed a two-headed ogre
  6643 | D:8      | Killed a two-headed ogre
  6643 | D:8      | Reached skill level 5 in Short Blades
  6643 | D:8      | Reached skill level 5 in Long Blades
  6643 | D:8      | Reached skill level 5 in Axes
  6643 | D:8      | Reached skill level 5 in Maces & Flails
  6643 | D:8      | Reached skill level 5 in Polearms
  6643 | D:8      | Reached skill level 5 in Staves
  6643 | D:8      | Reached skill level 5 in Slings
  6643 | D:8      | Reached skill level 5 in Bows
  6643 | D:8      | Reached skill level 5 in Crossbows
  6643 | D:8      | Reached skill level 5 in Throwing
  6643 | D:8      | Reached skill level 5 in Armour
  6643 | D:8      | Reached skill level 5 in Stealth
  6643 | D:8      | Reached skill level 5 in Shields
  6643 | D:8      | Reached skill level 5 in Evocations
  6948 | D:8      | Got a crystal spear
  6949 | D:8      | Identified the +10 spear of Loupp {elec, -Tele rF++ MP-9 Str+4} (You found it on level 8 of the Dungeon)
  6952 | D:8      | Found Higoitru's General Store.
  7019 | D:8      | Learned a level 5 spell: Yara's Violent Unravelling
  7023 | D:8      | Learned a level 3 spell: Gell's Gravitas
  7608 | D:9      | Found a staircase to the Lair.
  7618 | D:9      | Reached *** piety under Cheibriados
  7819 | D:9      | Noticed a two-headed ogre
  7827 | D:9      | Killed a two-headed ogre
  7908 | D:9      | Killed an unseen horror
  7908 | D:9      | Reached XP level 11. HP: 45/82 MP: 11/20
  8278 | D:10     | Entered Level 10 of the Dungeon
  8477 | D:10     | Noticed Harold
  8492 | D:10     | Killed Harold
  8554 | D:10     | Reached **** piety under Cheibriados
  8872 | D:10     | Lost mutation: Your magical capacity is low. (-10% MP) [potion of mutation]
  8872 | D:10     | Lost mutation: Your system is resistant to poisons. (rPois) [potion of mutation]
  8872 | D:10     | Gained mutation: You are partially covered in icy blue scales. (AC +2) [potion of mutation]
  8937 | D:10     | Reached skill level 5 in Conjurations
  8937 | D:10     | Reached skill level 5 in Hexes
  8937 | D:10     | Reached skill level 5 in Charms
  8937 | D:10     | Reached skill level 5 in Summonings
  8937 | D:10     | Reached skill level 5 in Necromancy
  8937 | D:10     | Reached skill level 5 in Translocations
  8937 | D:10     | Reached skill level 5 in Fire Magic
  8937 | D:10     | Reached skill level 5 in Ice Magic
  8937 | D:10     | Reached skill level 5 in Air Magic
  8937 | D:10     | Reached skill level 5 in Earth Magic
  8937 | D:10     | Reached skill level 5 in Poison Magic
  8948 | D:10     | Found Otweom's Antique Weapon Emporium.
  9226 | D:10     | Found a staircase to the Orcish Mines.
  9389 | Lair:1   | Entered Level 1 of the Lair of Beasts
  9762 | Lair:1   | Noticed a six-headed hydra
  9764 | Lair:1   | Noticed an oklob plant
  9768 | Lair:1   | Killed a six-headed hydra
  9773 | Lair:1   | Noticed a seven-headed hydra
  9779 | Lair:1   | Killed a seven-headed hydra
  9804 | Lair:1   | Reached ***** piety under Cheibriados
  9875 | Lair:1   | Learned a level 3 spell: Regeneration
 10235 | Lair:2   | Noticed Fannar
 10243 | Lair:2   | Killed Fannar
 10243 | Lair:2   | Reached XP level 12. HP: 47/91 MP: 13/24
 10437 | Lair:2   | Noticed Urug
 10440 | Lair:2   | Noticed Karim's ghost (journeyman DDFi)
 10594 | Lair:2   | Found a staircase to the Shoals.
 10988 | Lair:2   | Killed Karim's ghost
 11118 | Lair:3   | Noticed a six-headed hydra
 11131 | Lair:3   | Killed a six-headed hydra
 11159 | Lair:3   | Found a labyrinth entrance.
 11168 | Lab      | Entered a labyrinth
 13181 | Lab      | Noticed a minotaur
 13190 | Lab      | Killed a minotaur
 13194 | Lab      | Found the +3 robe of Clouds {+Fly rElec}
 13195 | Lab      | Got a bone hand crossbow
 13401 | Lair:3   | Found a basalt altar of Yredelemnul.
 13673 | Lair:3   | Reached skill level 10 in Unarmed Combat
 13948 | Lair:4   | Found a staircase to the Snake Pit.
 13973 | Lair:4   | Reached XP level 13. HP: 82/97 MP: 9/26
 14024 | Lair:4   | Learned a level 5 spell: Borgnjor's Vile Clutch
 14967 | Lair:5   | Got a warped chain mail
 14968 | Lair:5   | Identified a scroll of acquirement
 14981 | Lair:5   | Identified the cursed +1 chain mail of Wu Jian's Favour {*Slow Str+4} (You found it on level 5 of the Lair of Beasts)
 15055 | Lair:5   | Got a pearl-encrusted chain mail
 15056 | Lair:5   | Identified the +8 chain mail of Huwnecex {rC+ rCorr Str+4 Int+4} (You found it on level 5 of the Lair of Beasts)
 15151 | Lair:5   | Reached ****** piety under Cheibriados
 15291 | Lair:5   | Got a dazzling whip
 15292 | Lair:5   | Identified the +9 whip of Trog's Delight {slash, rElec rF+ Int+3} (You found it on level 5 of the Lair of Beasts)
 15456 | Lair:6   | Entered Level 6 of the Lair of Beasts
 15827 | Lair:6   | Reached skill level 10 in Spellcasting
 15848 | Lair:6   | Reached XP level 14. HP: 88/107 MP: 20/28
 15996 | Lair:6   | Found a runed door.
 16166 | Lair:6   | Reached skill level 10 in Dodging
 16375 | Lair:6   | Found a viscous altar of Jiyva.
 16375 | Lair:6   | Found a staircase to the Slime Pits.
 16710 | Orc:1    | Entered Level 1 of the Orcish Mines
 16801 | Orc:2    | Entered Level 2 of the Orcish Mines
 16801 | Orc:2    | Found Udisoh Tamn's Book Shop.
 16910 | Orc:2    | Found Wiocs's Antique Armour Shoppe.
 17061 | Orc:2    | Found a staircase to the Elven Halls.
 17258 | Orc:2    | Found Jogy's Antique Armour Emporium.
 17335 | Orc:2    | Reached skill level 10 in Invocations
 17412 | Orc:2    | Found Vularoff's General Store.
 17416 | Orc:2    | Bought the +2 shield of Resistance {rF+ rC+ MR+} for 1068 gold pieces
 17416 | Orc:2    | Found the +2 shield of Resistance {rF+ rC+ MR+}
 17418 | Orc:2    | Bought a scroll of teleportation for 39 gold pieces
 17418 | Orc:2    | Bought a potion of curing for 39 gold pieces
 17429 | Orc:2    | Found Falamul's Book Boutique.
 17431 | Orc:2    | Found Hurree Coyk's Assorted Antiques.
 17439 | Orc:2    | Bought a scroll of enchant armour for 210 gold pieces
 17632 | Orc:1    | Noticed Snorg
 17650 | Orc:1    | Killed Snorg
 17683 | Orc:1    | Found a roughly hewn altar of Beogh.
 18931 | D:12     | Reached XP level 15. HP: 114/114 MP: 29/29
 19044 | D:12     | Found a flagged portal.
 19057 | Bailey   | Entered a bailey
 19449 | D:12     | Reached skill level 10 in Fighting
 20055 | D:13     | Found a radiant altar of Vehumet.
 20238 | D:13     | Found a gate to the Vaults.
 20883 | D:14     | Reached skill level 10 in Short Blades
 20883 | D:14     | Reached skill level 10 in Long Blades
 20883 | D:14     | Reached skill level 10 in Axes
 20883 | D:14     | Reached skill level 10 in Maces & Flails
 20883 | D:14     | Reached skill level 10 in Polearms
 20883 | D:14     | Reached skill level 10 in Staves
 20883 | D:14     | Reached skill level 10 in Slings
 20883 | D:14     | Reached skill level 10 in Bows
 20883 | D:14     | Reached skill level 10 in Crossbows
 20883 | D:14     | Reached skill level 10 in Throwing
 20883 | D:14     | Reached skill level 10 in Armour
 20883 | D:14     | Reached skill level 10 in Stealth
 20883 | D:14     | Reached skill level 10 in Shields
 20883 | D:14     | Reached skill level 10 in Evocations
 21219 | D:14     | Identified a +0 pair of boots of running (You found it on level 14 of the Dungeon)
 21502 | D:15     | Entered Level 15 of the Dungeon
 21941 | D:15     | Found a staircase to the Depths.
 21942 | D:15     | Noticed an emperor scorpion
 21964 | D:15     | Killed an emperor scorpion
 22462 | Elf:1    | Entered Level 1 of the Elven Halls
 22467 | Elf:1    | Reached XP level 16. HP: 120/123 MP: 31/31
 22694 | Elf:1    | Identified Sif Muna's Guide on Creation
 22702 | Elf:1    | Learned a level 5 spell: Summon Mana Viper
 23320 | Elf:2    | Found Qagoesurei's Antique Armour Shop.
 23375 | Elf:2    | Found a runed door.
 23411 | Elf:2    | Found a runed door.
 23496 | Elf:2    | Reached skill level 10 in Transmutations
 23664 | Elf:3    | Entered Level 3 of the Elven Halls
 23690 | Elf:3    | Found Zeixus's Assorted Antiques.
 23819 | Elf:3    | Found a magical portal.
 23844 | WizLab   | Entered Cigotuvi's Fleshworks
 23963 | WizLab   | Reached XP level 17. HP: 130/130 MP: 33/33
 24090 | WizLab   | Paralysed by a floating eye for 4 turns
 24142 | WizLab   | Paralysed by a floating eye for 4 turns
 24169 | WizLab   | Found the -2 hat of the Alchemist {rElec rPois rF+ rC+ rN+ MR+ rMut rCorr}
 24423 | WizLab   | Noticed Cigotuvi's Monster
 24440 | WizLab   | Slain by Cigotuvi's Monster

Vault maps used:
D:1:      minmay_arrival_stone_box
D:2:      minivault_25, uniq_jessica
D:3:      first_ration
D:4:      nicolae_overflow_crystal_walls, nicolae_qazlal_style_of_elements,
          roderic_lattice_a, st_stairs_14
D:5:      old_standard_altar, minmay_temple_entry_statues_fountains,
          minmay_holes
D:6:      nicolae_ru_sacrificial_ziggurat, kennysheep_minor_cross,
          hangedman_abyss_or_decor_lesser_grid, minmay_misc_feat_rows
D:7:      grunt_temple_overflow_diamond, uniq_joseph, uniq_duvessa
D:8:      serial_shops, nicolae_shop_crystal, shop
D:9:      dpeg_oklobed_lair
D:10:     erik_orc_1, serial_shops, shop, uniq_harold
D:11:     bh_walls_and_bars
D:12:     serial_ice, serial_ice_j, serial_ice_h, serial_ice_b, serial_ice_e,
          portal_ice_cave_entry_imps, enter_bailey_3
D:13:     lightli_vaults_fourway_checkpoint, basic_altar, the_bakery,
          solitary_fountain, grunt_ministairs_3
D:15:     hangedman_depths_entry_try_elsewhere_first
Temple:   eino_wide_crystal_templ
Lair:1:   minmay_lair_oklob_chamber, serial_bayou_shore_a, lemuel_fruit_tree
Lair:2:   minmay_shoals_entry_centaurs, serial_forest,
          infiniplex_forest_straight_4, infiniplex_forest_lined_3,
          infiniplex_forest_fountain, infiniplex_forest_straight_5,
          infiniplex_forest_clump_diagonal, infiniplex_forest_clump_C,
          infiniplex_forest_end_2, infiniplex_forest_zigzag_1,
          beast_lair_carwin_9, uniq_urug, uniq_fannar
Lair:3:   basic_altar, lab_entry_generic
Lair:4:   minmay_snake_entry_six_corridors
Lair:6:   wormcave, hangedman_lair_caniforms_friends, slime_altar_1,
          enter_volcano_1, infiniplex_staircase_pool
Orc:1:    mines1_david, uniq_snorg
Orc:2:    st_orc_elflike, serial_shops, nicolae_shop_behind_doors, shop
Elf:1:    minmay_elf_arrival_circle, minmay_elf_demonology
Elf:2:    serial_shops, nicolae_shop_waterfront
Elf:3:    grunt_elf_hall_branching, serial_shops, shop,
          lightli_enter_wizlab_magi_temple, grunt_megastairs_3,
          basic_stair_grate_trap
Lab:      nicolae_lab_statue, nicolae_lab_grate, lab_statue,
          nicolae_lab_quarters
Bailey:   bailey_axe_4, bailey
WizLab:   wizlab_cigotuvi

Skill      XL: |  1  2  3  4  5  6  7  8  9 10 11 12 13 14 15 16 17 |
---------------+----------------------------------------------------+-----
Spellcasting   | 5 6 7 8 9 10 11 12 | 12.1
Short Blades   | 1 2 3 4 5 6 7 8 9 10 11 | 11.2
Long Blades    | 1 2 3 4 5 6 7 8 9 10 11 | 11.2
Axes           | 1 2 3 4 5 6 7 8 9 10 11 | 11.2
Maces & Flails | 1 2 3 4 5 6 7 8 9 10 11 | 11.2
Polearms       | 1 2 3 4 5 6 7 8 9 10 11 | 11.2
Staves         | 1 2 3 4 5 6 7 8 9 10 11 | 11.2
Slings         | 1 2 3 4 5 6 7 8 9 10 11 | 11.2
Bows           | 1 2 3 4 5 6 7 8 9 10 11 | 11.2
Crossbows      | 1 2 3 4 5 6 7 8 9 10 11 | 11.2
Throwing       | 1 2 3 4 5 6 7 8 9 10 11 | 11.2
Armour         | 1 2 3 4 5 6 7 8 9 10 11 | 11.2
Stealth        | 1 2 3 4 5 6 7 8 9 10 11 | 11.2
Shields        | 1 2 3 4 5 6 7 8 9 10 11 | 11.2
Invocations    | 1 2 3 4 5 6 7 8 9 10 11 12 | 12.1
Evocations     | 1 2 3 4 5 6 7 8 9 10 11 | 11.2
Conjurations   | 1 2 3 4 5 6 7 8 9 |  9.5
Hexes          | 1 2 3 4 5 6 7 8 9 |  9.5
Charms         | 1 2 3 4 5 6 7 8 9 |  9.5
Summonings     | 1 2 3 4 5 6 7 8 9 |  9.5
Necromancy     | 1 2 3 4 5 6 7 8 9 |  9.5
Translocations | 1 2 3 4 5 6 7 8 9 |  9.5
Fire Magic     | 1 2 3 4 5 6 7 8 9 |  9.5
Ice Magic      | 1 2 3 4 5 6 7 8 9 |  9.5
Air Magic      | 1 2 3 4 5 6 7 8 9 |  9.5
Earth Magic    | 1 2 3 4 5 6 7 8 9 |  9.5
Poison Magic   | 1 2 3 4 5 6 7 8 9 |  9.5
Fighting       | 3 4 5 6 7 8 9 10 11 | 11.5
Transmutations | 4 5 6 7 8 9 10 | 10.3
Dodging        | 5 6 7 8 9 10 11 12 | 12.0
Unarmed Combat | 7 8 9 10 11 12 | 12.7

Action                   |  1- 3 |  4- 6 |  7- 9 | 10-12 | 13-15 | 16-18 || total
-------------------------+-------+-------+-------+-------+-------+-------++-------
Melee: Unarmed           |    54 |   135 |   256 |    32 |       |       ||   477
       Headbutt          |     2 |       |       |       |       |       ||     2
       Bite              |     1 |     6 |     6 |    75 |   289 |    99 ||   476
       Kick              |     2 |       |       |       |       |       ||     2
       Punch             |       |       |     2 |     2 |       |       ||     4
       Spear             |       |       |       |   460 |   117 |       ||   577
       Whip              |       |       |       |       |   988 |   437 ||  1425
       Staff             |       |       |       |       |    18 |       ||    18
 Fire: Blowgun           |       |       |       |     4 |       |       ||     4
Throw: Throwing net      |       |       |       |     3 |     2 |       ||     5
       Javelin           |       |       |       |    10 |   104 |    27 ||   141
 Cast: Beastly Appendage |     7 |       |       |       |       |       ||     7
       Spider Form       |     1 |    11 |    23 |       |       |       ||    35
       Ice Form          |       |       |     4 |     2 |       |       ||     6
       Gell's Gravitas   |       |       |       |     5 |       |       ||     5
       Yara's Violent Un |       |       |       |     3 |     2 |       ||     5
       Blade Hands       |       |       |       |     1 |       |       ||     1
       Regeneration      |       |       |       |     5 |    18 |     1 ||    24
       Borgnjor's Vile C |       |       |       |       |    42 |    21 ||    63
       Summon Mana Viper |       |       |       |       |       |     3 ||     3
Invok: Slouch            |       |       |       |     1 |     4 |     2 ||     7
Evoke: Wand              |       |       |       |    11 |     9 |       ||    20
  Use: Scroll            |       |     4 |    17 |    14 |     9 |     4 ||    48
       Potion            |       |       |     3 |     8 |     2 |     1 ||    14
 Stab: Sleeping          |     3 |     3 |     9 |    27 |    18 |     6 ||    66
       Distracted        |       |       |       |     3 |     6 |     1 ||    10
       Held in net/web   |       |       |       |     3 |     3 |       ||     6
       Confused          |       |       |       |     1 |       |       ||     1
       Invisible         |       |       |       |     4 |       |       ||     4
  Eat: Chunk             |       |     3 |     2 |     4 |     3 |       ||    12
       Ration            |       |     1 |     3 |     4 |     6 |     1 ||    15
Armor: Robe              |    11 |    12 |    18 |     4 |       |       ||    45
       Skin              |       |     4 |    18 |     3 |       |       ||    25
       Steam dragon scal |       |       |       |    76 |     6 |       ||    82
       Chain mail        |       |       |       |       |   200 |    86 ||   286
Dodge: Dodged            |    49 |   120 |   169 |   338 |   622 |   189 ||  1487
Block: Buckler           |       |       |       |   124 |   185 |       ||   309
       Shield            |       |       |       |       |   465 |   318 ||   783

Table legend:
 A = Spawn XP
 B = Non-spawn XP
 C = Spawn XP percentage of total XP
 D = Spawn monster count
 E = Non-spawn monster count
 F = Spawn count percentage of total count
 G = Total turns spent on level
                    A         B        C        D         E        F      G
               +---------+---------+-------+---------+---------+-------+---------
         Total |       0 |  197827 |   0.0 |       0 |     861 |   0.0 | 24440
               +---------+---------+-------+---------+---------+-------+---------
           D:1 |       0 |      34 |   0.0 |       0 |      19 |   0.0 |   952
           D:2 |       0 |     152 |   0.0 |       0 |      23 |   0.0 |   984
           D:3 |       0 |     112 |   0.0 |       0 |      31 |   0.0 |   741
           D:4 |       0 |     797 |   0.0 |       0 |      29 |   0.0 |   988
           D:5 |       0 |     396 |   0.0 |       0 |      14 |   0.0 |   680
           D:6 |       0 |     181 |   0.0 |       0 |      14 |   0.0 |   684
           D:7 |       0 |    2202 |   0.0 |       0 |      24 |   0.0 |  1212
           D:8 |       0 |    3237 |   0.0 |       0 |      26 |   0.0 |  1138
           D:9 |       0 |    2540 |   0.0 |       0 |      26 |   0.0 |   762
          D:10 |       0 |    2773 |   0.0 |       0 |      38 |   0.0 |  1313
          D:11 |       0 |    4952 |   0.0 |       0 |      37 |   0.0 |   704
          D:12 |       0 |    7661 |   0.0 |       0 |      48 |   0.0 |   870
          D:13 |       0 |   11908 |   0.0 |       0 |      42 |   0.0 |   910
          D:14 |       0 |    9820 |   0.0 |       0 |      33 |   0.0 |   704
          D:15 |       0 |   14818 |   0.0 |       0 |      34 |   0.0 |   732
        Lair:1 |       0 |    4566 |   0.0 |       0 |      21 |   0.0 |   773
        Lair:2 |       0 |    5130 |   0.0 |       0 |      20 |   0.0 |   953
        Lair:3 |       0 |    5156 |   0.0 |       0 |      18 |   0.0 |   697
        Lair:4 |       0 |    8225 |   0.0 |       0 |      38 |   0.0 |  1004
        Lair:5 |       0 |    4045 |   0.0 |       0 |      17 |   0.0 |   688
        Lair:6 |       0 |   21926 |   0.0 |       0 |      82 |   0.0 |  1089
         Orc:1 |       0 |    4504 |   0.0 |       0 |      19 |   0.0 |   433
         Orc:2 |       0 |    9218 |   0.0 |       0 |      39 |   0.0 |   901
         Elf:1 |       0 |   19844 |   0.0 |       0 |      35 |   0.0 |   698
         Elf:2 |       0 |   22183 |   0.0 |       0 |      40 |   0.0 |   504
         Elf:3 |       0 |    6089 |   0.0 |       0 |      10 |   0.0 |   180
           Lab |       0 |    2714 |   0.0 |       0 |       8 |   0.0 |  2031
        Bailey |       0 |    1143 |   0.0 |       0 |      26 |   0.0 |   328
        WizLab |       0 |   21501 |   0.0 |       0 |      50 |   0.0 |   596
               +---------+---------+-------+---------+---------+-------+---------
